 Dungeon Crawl Stone Soup version 0.26-a0-259-g1effd001a9 (webtiles) character file.

Game seed: 1963363395374759804

1271 gruber the Arsonist (level 8, -3/46 HPs)
             Began as an Octopode Fire Elementalist on July 26, 2020.
             Slain by Pikel
             ... wielding a +0 whip of electrocution
              (8 damage)
             ... on level 5 of the Dungeon.
             The game lasted 00:08:27 (6923 turns).

gruber the Arsonist (Octopode Fire Elementalist)    Turns: 6923, Time: 00:08:27

Health: -3/46      AC:  5    Str:  7    XL:     8   Next: 53%
Magic:  2/11       EV: 13    Int: 20    God:
Gold:   218        SH:  4    Dex: 12    Spells: 4/11 levels left

rFire    + . .     SeeInvis .   t - +3 dagger (freeze)
rCold    . . .     Faith    .   c - +0 buckler
rNeg     . . .     Spirit   .   (helmet restricted)
rPois    .         Reflect  .   (no amulet)
rElec    .         Harm     .   x - ring of protection from fire
rCorr    .                      a - +4 ring of protection
MR       .....                  (no ring)
Stlth    +++.......             (no ring)
HPRegen  0.15/turn              (no ring)
MPRegen  0.12/turn              (no ring)
                                (no ring)
                                (no ring)

@: no status effects
A: almost no armour, stealthy swim, amphibious, 8 rings, constrict 8, camouflage
1, gelatinous body 1
a: no special abilities


You were on level 5 of the Dungeon.
You were not hungry.

You visited 1 branch of the dungeon, and saw 5 of its levels.
You also visited: Sewer.

You collected 246 gold pieces.
You spent 28 gold pieces at shops.

Inventory:

Hand Weapons
 t - a +3 dagger of freezing (weapon)
Missiles
 h - 37 poisoned darts (quivered)
Armour
 c - a +0 buckler (worn)
Magical Staves
 q - an uncursed staff of cold
Jewellery
 a - a +4 ring of protection (right tentacle)
 x - a ring of protection from fire (left tentacle)
Wands
 p - a wand of paralysis (1)
Scrolls
 d - 4 scrolls of remove curse {unknown}
 e - 2 scrolls of fog {unknown}
 g - a scroll of fear {unknown}
 k - 2 scrolls of enchant armour {unknown}
 s - 2 scrolls of magic mapping {unknown}
 u - a scroll of blinking {unknown}
 v - a scroll of random uselessness {unknown}
Potions
 f - a potion of heal wounds
 i - a potion of berserk rage
 j - a potion of haste
 l - 3 potions of curing
 m - a potion of stabbing {unknown}
 n - 3 potions of flight {unknown}
 o - a potion of degeneration {unknown}
 r - 2 potions of lignification {unknown}
 w - a potion of ambrosia {unknown}
Comestibles
 b - 22 rations


   Skills:
 - Level 2.0 Dodging
 - Level 2.6 Stealth
 + Level 1.9 Shields
 - Level 2.0 Spellcasting
 - Level 3.0 Conjurations
 + Level 9.6 Fire Magic
 + Level 1.4 Evocations


You had 4 spell levels left.
You knew the following spells:

 Your Spells              Type           Power        Failure   Level
a - Foxfire               Conj/Fire      ####         1%          1
b - Sticky Flame          Conj/Fire      ####....     14%         4
c - Blink                 Tloc           N/A          30%         2

Your spell library contained the following spells:

 Spells                   Type           Power        Failure   Level
 Conjure Flame            Conj/Fire      ####....     4%          3
 Magic Dart               Conj           ##..         6%          1
 Inner Flame              Hex/Fire       ###.....     9%          3
 Beastly Appendage        Tmut           #.....       21%         1
 Call Imp                 Summ           #.......     30%         2
 Slow                     Hex            #.......     30%         2
 Sticks to Snakes         Tmut           #.......     30%         2
 Mephitic Cloud           Conj/Pois/Air  #.......     36%         3
 Spider Form              Tmut/Pois      #.........   52%         3
 Ice Form                 Ice/Tmut       #.......     89%         4
 Fireball                 Conj/Fire      ####......   38%         5
 Blade Hands              Tmut           #.........   99%         5


Dungeon Overview and Level Annotations

Branches:
Dungeon (5/15)              Sewer (visited)
 Temple: D:4-7

Altars:
Cheibriados
Dithmenos
Nemelex Xobeh

Shops:
D:4 =   D:5 ?

Annotations:
D:4 2 transporters, Zebulonius's ghost, amateur MiBe
D:5 Pikel


Innate Abilities, Weirdness & Mutations

You cannot wear most types of armour.
You are very stealthy in the water. (Stealth+)
You are amphibious.
You can wear up to eight rings at the same time.
You can use your tentacles to constrict eight enemies at once.
Your skin changes colour to match your surroundings (Stealth+).
Your rubbery body absorbs attacks. (AC +1, EV +1)


Message History

Pikel is heavily wounded.
You constrict Pikel, but do no damage. The lemure hits you.
Pikel completely misses you. The lemure closely misses you.
You hit Pikel but do no damage.
Pikel is heavily wounded.
You constrict Pikel, but do no damage.
Pikel looks more healthy.
The lemure hits you. Pikel closely misses you. The lemure closely misses you.
You hit Pikel but do no damage. You squeeze Pikel.
Pikel is heavily wounded.
You constrict Pikel, but do no damage.
The lemure looks more healthy.
The lemure barely misses you. Pikel hits you but does no damage.
You are electrocuted!
* * * LOW HITPOINT WARNING * * *
The lemure hits you.
* * * LOW HITPOINT WARNING * * *
Unknown command.
You release your grip on Pikel.
Pikel hits you but does no damage.
Pikel says, "Hell isn't that bad."
Pikel hits you with a +0 whip of electrocution!
You die...

#...........#...
#..##..#######'#
##+##..######..#
#..............#
#..............#
#######+##..######..#
##...###.##..######..#
#...K5#...).)....#....
#...5@#.....)....#....
#..(..#..........##..#
#.....#......##..##..#
#..(..#......##..##..#
##.(######...##..'...#
##.(######...##..##..#
#........#.......##.)#
#........#.......#...รท
######5###...##..#...#


You could see Pikel and 2 lemures.

Vanquished Creatures
  Duvessa (D:4)
  An ice beast (D:5)
  A centaur (D:5)
  An ogre (D:5)
  2 lemures (D:5)
  2 bullfrogs (Sewer)
  Dowan (D:4)
  3 wights (D:3)
  A howler monkey (D:4)
  A hound (D:4)
  A jelly (D:5)
  2 bullfrog skeletons
  3 orc priests
  3 orc wizards (D:5)
  An iguana (D:5)
  3 worker ants
  Robin (D:3)
  3 adders
  A worm (D:2)
  3 dart slugs
  8 leopard geckos
  13 orcs
  4 ball pythons
  6 giant cockroaches
  9 goblins
  11 hobgoblins
  6 jackals
  11 kobolds
  2 quokkas
  A ball python skeleton (D:4)
  10 bats
  10 frilled lizards
  2 quokka skeletons
  7 rats
135 creatures vanquished.

Vanquished Creatures (others)
  594 foxfires
594 creatures vanquished.

Grand Total: 729 creatures vanquished

Notes
Turn   | Place    | Note
-------+----------+-------------------------------------------
     0 | D:1      | gruber the Octopode Fire Elementalist began the quest for
                  | the Orb.
     0 | D:1      | Reached XP level 1. HP: 11/11 MP: 3/3
   328 | D:1      | Reached XP level 2. HP: 17/17 MP: 1/5
  1346 | D:2      | Reached XP level 3. HP: 21/21 MP: 1/6
  2278 | D:3      | Reached skill level 4 in Fire Magic
  2439 | D:3      | Identified the cursed +0 helmet of Lust {rPois rN+}
  2439 | D:3      | Noticed Robin
  2472 | D:3      | Reached XP level 4. HP: 24/27 MP: 1/7
  2734 | D:3      | Found a glowing drain.
  2742 | D:3      | Paralysed by a hobgoblin for 5 turns
  2757 | Sewer    | Entered a sewer
  3412 | Sewer    | Noticed a bullfrog
  3423 | Sewer    | Learned a level 4 spell: Sticky Flame
  3433 | Sewer    | Noticed a bullfrog
  3437 | Sewer    | Killed a bullfrog
  3437 | Sewer    | Reached skill level 5 in Fire Magic
  3437 | Sewer    | Reached XP level 5. HP: 31/31 MP: 4/8
  3439 | Sewer    | Reached skill level 1 in Shields
  3439 | Sewer    | Reached XP level 6. HP: 36/36 MP: 2/9
  4055 | D:3      | Killed Robin
  4206 | D:3      | Reached skill level 6 in Fire Magic
  4502 | D:4      | Reached XP level 7. HP: 41/41 MP: 0/10
  4511 | D:4      | Reached skill level 7 in Fire Magic
  4653 | D:4      | Noticed Dowan
  4654 | D:4      | Noticed Duvessa
  4702 | D:4      | Killed Duvessa
  4708 | D:4      | Killed Dowan
  4716 | D:4      | HP: 1/41 [bullfrog skeleton (6)]
  4832 | D:4      | Reached skill level 8 in Fire Magic
  5163 | D:4      | Found Higen's Jewellery Shoppe.
  5186 | D:4      | Noticed Zebulonius's ghost (amateur MiBe)
  5188 | D:4      | Found a transporter.
  5249 | D:4      | Found a transporter.
  5605 | D:5      | Entered Level 5 of the Dungeon
  5605 | D:5      | Found Wuehixeo's Magic Scroll Shop.
  5613 | D:5      | Bought a scroll of identify for 28 gold pieces
  5832 | D:5      | Reached skill level 1 in Evocations
  5832 | D:5      | Reached XP level 8. HP: 46/46 MP: 3/11
  5908 | D:5      | Learned a level 2 spell: Blink
  6191 | D:5      | Reached skill level 9 in Fire Magic
  6813 | D:5      | Found a shadowy altar of Dithmenos.
  6817 | D:5      | Found a sparkling altar of Nemelex Xobeh.
  6820 | D:5      | Found a snail-covered altar of Cheibriados.
  6909 | D:5      | Noticed Pikel
  6923 | D:5      | Slain by Pikel

Illustrated notes

Levels and vault maps discovered:
D:1:      shiori_arrival_maze, layout_loops_corners
D:2:      layout_basic, first_ration
D:3:      layout_basic, portal_sewer_entry_f, uniq_robin
D:4:      layout_basic, serial_shops, shop, gammafunk_ghost_mausoleum,
          grunt_decor_cap, fountainhead, uniq_duvessa
D:5:      layout_gridville, minmay_overflow_temple_star_quad, serial_shops,
          nicolae_shop_stone, kennysheep_generic_room_11, uniq_pikel

Skill      XL: |  1  2  3  4  5  6  7  8 |
---------------+-------------------------+-----
Conjurations   | 2 3 |  3.0
Fire Magic     | 4 5 6 8 9 |  9.6
Shields        | 1 |  1.9
Evocations     | 1 |  1.4
Dodging        | |  2.0
Stealth        | |  2.6
Spellcasting   | |  2.0

Action                   |  1- 3 |  4- 6 |  7- 9 || total
-------------------------+-------+-------+-------++-------
Melee: Unarmed           |    13 |    20 |       ||    33
       Constrict         |     3 |     6 |     6 ||    15
       Tentacles         |     3 |     5 |     7 ||    15
       Dagger            |       |       |    25 ||    25
Throw: Dart              |       |     1 |     4 ||     5
 Cast: Foxfire           |    88 |   115 |   143 ||   346
Evoke: Wand              |       |       |     8 ||     8
  Use: Scroll            |       |       |     3 ||     3
 Stab: Sleeping          |     1 |       |       ||     1
       Paralysed         |       |       |     6 ||     6
  Eat: Ration            |     2 |     1 |     3 ||     6
Armor: Skin              |     1 |     4 |     4 ||     9
Dodge: Dodged            |    16 |    27 |    30 ||    73
Block: Buckler           |     2 |     4 |    11 ||    17

Table legend:
 A = Non-vault XP
 B = Vault XP
 C = Vault XP percentage of total XP
 D = Non-vault monster count
 E = Vault monster count
 F = Vault count percentage of total count
                 A         B        C        D         E       F
            +---------+---------+-------+---------+---------+-------
      Total |    1311 |     506 |  27.8 |      94 |      39 |  29.3
            +---------+---------+-------+---------+---------+-------
        D:1 |      23 |       3 |  11.5 |      14 |       2 |  12.5
        D:2 |      23 |       0 |   0.0 |      13 |       0 |   0.0
        D:3 |     240 |      49 |  17.0 |      30 |      16 |  34.8
        D:4 |     243 |     223 |  47.9 |      13 |       2 |  13.3
        D:5 |     782 |       0 |   0.0 |      24 |       0 |   0.0
      Sewer |       0 |     231 | 100.0 |       0 |      19 | 100.0
            +---------+---------+-------+---------+---------+-------
